Map: 사이버 포레스트 - 래더

Players

Impact - Winner!

  • Race: Zerg Zerg
  • Spawn Location: 11:00

souL

  • Race: Terran Terran
  • Spawn Location: 5:00

Event: IEM Season 13: Katowice (2019)

VOD

Have the link to the VOD?

Description

Time

  • Played on: Feb. 26, 2019, 8:55 a.m.
  • Length: 9:49

All games in this series

Show
View Real Time Build Order
Export as new Build Order

Impact Zerg - Winner!

Build Orders: Hatch First 

Get SALT Encoding   

  12  0:00  Drone  
  13  0:12  Overlord  
  13  0:21  Drone  
  14  0:31  Drone x2  
  16  0:50  Hatchery  
  16  0:54  Drone  
  16  0:55  Drone  
  17  0:59  Drone  
  18  1:09  Extractor  
  17  1:14  Spawning Pool  
  17  1:17  Drone  
  17  1:21  Drone  
  18  1:29  Drone  
  19  1:41  Drone  
  20  1:50  Overlord  
  20  2:01  Zergling x2  
  20  2:02  Queen  
  20  2:03  Queen, Zergling x2  
  26  2:09  Metabolic Boost  
  26  2:12  Drone  
  26  2:13  Drone  
  28  2:21  Drone  
  29  2:25  Drone  
  30  2:32  Drone  
  31  2:40  Hatchery  
  31  2:43  Drone x2  
  32  2:48  Overlord  
  32  2:53  Drone  
  32  2:57  Queen  
  35  3:10  Drone x2  
  35  3:11  Drone x4  
  41  3:15  Drone x2  
  41  3:17  Drone  
  44  3:21  Overlord  
  44  3:27  Roach Warren  
  44  3:29  Extractor  
  44  3:32  Drone x2  
  44  3:38  Overlord x2  
  44  3:54  Queen  
  47  3:55  Zergling x4  
  48  4:03  Drone  
  48  4:04  Drone  
  48  4:08  Roach x6  
  62  4:10  Roach  
  62  4:16  Roach x2  
  68  4:24  Drone x5  
  68  4:29  Lair  
  73  4:36  Drone  
  73  4:37  Drone, Spore Crawler  
  74  4:39  Spore Crawler  
  74  4:40  Drone  
  74  4:50  Overlord x2  
  74  4:58  Overlord x2  
  74  5:09  Drone x3  
  74  5:10  Drone  
  74  5:11  Drone  
  74  5:12  Drone  
  74  5:13  Drone  
  74  5:14  Drone x4  
  79  5:17  Overlord  
  79  5:20  Roach x4  
  79  5:28  Roach, Extractor  
  73  5:29  Roach x2, Extractor  
  73  5:31  Glial Reconstitution  
  76  5:36  Extractor  
  76  5:38  Drone  
  76  5:39  Drone  
  76  5:40  Drone  
  76  5:41  Evolution Chamber  
  77  5:43  Evolution Chamber  
  77  5:46  Drone x3  
  77  5:47  Drone x2  
  81  5:51  Drone x2  
  81  5:52  Drone  
  81  5:54  Drone  
  85  6:01  Overseer, Drone x3  
  88  6:05  Roach  
  88  6:06  Roach x2  
  88  6:07  Zerg Missile Weapons Level 1  
  88  6:11  Zerg Ground Armor Level 1  
  94  6:13  Drone x2  
  94  6:16  Roach, Extractor  
  94  6:17  Overlord  
  97  6:20  Roach  
  97  6:22  Roach  
  105  6:25  Roach x2  
  105  6:34  Hatchery  
  105  6:35  Drone x2  
  105  6:38  Overlord  
  105  6:42  Roach  
  105  6:43  Roach x2  
  113  6:47  Roach  
  113  6:48  Overlord x2  
  113  6:57  Roach  
  113  6:58  Roach x3  
  121  7:02  Overlord x3  
  121  7:08  Roach x3  
  127  7:09  Overlord  
  127  7:15  Drone  
  128  7:16  Roach  
  128  7:17  Roach x2  
  138  7:22  Roach  
  138  7:23  Roach  
  138  7:26  Roach x4  
  146  7:31  Roach x2  
  150  7:38  Overlord x4  
  150  7:41  Roach  
  152  7:50  Roach x5  
  156  7:54  Roach x3  
  156  7:55  Ravager x4  
  166  8:02  Roach x3  
  166  8:04  Roach  
  152  8:07  Ravager  
  152  8:08  Roach x3  
  152  8:09  Ravager  
  152  8:10  Zergling x2  
  157  8:13  Roach x2  
  145  8:20  Roach x3  
  145  8:23  Roach  
  145  8:24  Roach x2  
  155  8:28  Roach x2  
  155  8:29  Zergling x2  
  155  8:30  Zergling x2  
  155  8:31  Ravager x3  
  155  8:32  Ravager  
  155  8:33  Ravager  
  166  8:36  Roach x3  
  166  8:37  Ravager  
  166  8:41  Zergling x8  
  174  8:43  Ravager  
  178  8:51  Roach, Zergling x2  
  181  8:56  Zergling x6  
  181  9:02  Roach x2, Ravager, Zergling x2  
  166  9:11  Roach x6  
  166  9:16  Roach  
  167  9:17  Roach x2  
  167  9:19  Zergling x2  
  167  9:20  Zergling x8  
  167  9:22  Zergling x2  
  173  9:25  Roach x2  
  173  9:29  Roach  
Show
View Real Time Build Order
Export as new Build Order

souL Terran 

Build Orders: Reaper Expand 

Get SALT Encoding   

  12  0:00  SCV  
  13  0:12  SCV  
  14  0:17  Supply Depot  
  14  0:24  SCV  
  15  0:38  SCV  
  15  0:40  Barracks  
  16  0:44  Refinery  
  16  0:50  SCV  
  17  1:02  SCV  
  18  1:17  SCV  
  19  1:28  Reaper  
  19  1:29  Orbital Command  
  20  1:41  Command Center  
  20  1:50  Supply Depot  
  20  1:55  SCV  
  20  1:59  Marine  
  22  2:07  SCV  
  23  2:09  Factory  
  23  2:19  SCV  
  25  2:24  Barracks Reactor  
  24  2:31  SCV  
  25  2:40  Command Center  
  25  2:43  SCV  
  26  2:54  Orbital Command  
  26  2:55  SCV  
  27  3:06  Hellion x2  
  27  3:08  SCV  
  27  3:10  Barracks Tech Lab  
  32  3:19  SCV  
  33  3:20  SCV  
  34  3:28  Hellion x2  
  34  3:30  Stimpack, Marine  
  34  3:31  SCV  
  34  3:32  SCV  
  41  3:43  SCV  
  41  3:44  SCV  
  43  3:53  Orbital Command  
  43  3:55  SCV  
  43  3:57  SCV, Marine  
  43  3:59  Barracks, Factory Reactor  
  43  4:00  Barracks  
  46  4:07  Starport  
  46  4:08  Refinery, SCV  
  46  4:09  SCV  
  48  4:15  Marine  
  49  4:20  SCV x2  
  49  4:21  SCV, Supply Depot  
  52  4:31  Barracks  
  52  4:32  Barracks, SCV, Marine  
  52  4:38  Bunker  
  53  4:41  SCV  
  53  4:42  SCV, Bunker  
  55  4:46  Factory Tech Lab  
  55  4:47  Marine x2  
  55  4:51  Marauder  
  59  4:54  Supply Depot, Marine  
  59  4:56  Marine  
  61  5:00  SCV  
  61  5:05  Marine x2  
  61  5:06  Siege Tank  
  66  5:12  Marine x2  
  63  5:14  SCV, Marine  
  63  5:18  SCV  
  60  5:23  Marine x2  
  60  5:26  Barracks Reactor x2  
  60  5:28  Starport Reactor, SCV  
  61  5:29  Marine  
  61  5:30  SCV  
  61  5:33  Marine  
  61  5:35  SCV  
  65  5:42  Refinery  
  65  5:43  Refinery, SCV x2  
  67  5:50  SCV  
  67  5:52  Engineering Bay, Supply Depot  
  67  5:53  Marine x2  
  67  5:55  Engineering Bay, SCV  
  72  5:57  SCV  
  72  6:02  Combat Shield  
  73  6:04  Supply Depot  
  74  6:12  Marine x3  
  74  6:13  Marine  
  74  6:14  Marine x3  
  74  6:15  Supply Depot  
  74  6:18  Marine x2  
  81  6:21  Medivac  
  81  6:23  Medivac  
  85  6:30  Marine x3  
  85  6:31  Marine x2  
  85  6:32  Marine  
  91  6:36  Siege Tank, Marine  
  91  6:39  Supply Depot  
  95  6:40  Terran Infantry Weapons Level 1  
  95  6:44  Marine x2  
  95  6:45  Supply Depot  
  97  6:47  SCV x2  
  97  6:49  Marine x2  
  97  6:51  Orbital Command  
  101  7:00  Medivac, Marine x5  
  108  7:01  Marine  
  108  7:06  Marine  
  108  7:07  SCV, Marine  
  108  7:08  Supply Depot, Marine  
  112  7:10  SCV  
  114  7:18  Marine x3  
  114  7:20  Supply Depot  
  117  7:23  Supply Depot  
  117  7:30  SCV, Medivac, Marine x5  
  117  7:34  Marine  
  125  7:41  Marine x3  
  131  7:47  Marine x4  
  131  7:49  Medivac  
  131  7:50  Marine  
  134  7:54  Marine  
  134  7:55  Supply Depot  
  135  7:59  Marine  
  135  8:01  Marine  
  135  8:02  Marine  
  135  8:03  Siege Tank  
  135  8:05  Marine  
  123  8:07  Medivac  
  123  8:08  Marine  
  123  8:10  SCV  
  124  8:14  SCV  
  124  8:15  SCV  
  124  8:19  Medivac  
  103  8:21  Marine  
  103  8:23  Marine  
  103  8:25  Marine x5  
  99  8:27  SCV x2  
  99  8:29  Marine  
  99  8:30  SCV  
  102  8:34  Marine  
  102  8:39  SCV, Marine  
  102  8:40  SCV  
  102  8:41  Marine  
  105  8:42  Marine  
  105  8:43  Marine x2  
  109  8:50  Siege Tank  
  109  8:51  Marine x3  
  109  8:53  Marine  
  116  8:57  Marine  
  116  8:59  Marine  
  116  9:00  Marine x2  
  116  9:02  Marine  
  120  9:09  Marine x3  
  101  9:11  Marine  
  101  9:14  Marine  
  101  9:16  Marine  
  77  9:18  Marine x2  
  77  9:20  Marine  
  78  9:27  Marine x2  
  78  9:30  Marine x2  

Tags
 
Add a new tag
Caveats
  • Supply blocks, unpowered buildings, or Contaminate may cause inaccurate times.
  • Supply counts are checked every 10 seconds.